PAAA
OCEANSIDE AVIATORS @ BAKERSFIELD NOBLES
09/01/2021
 
TOP OF THE 1ST
Oceanside Aviators batting - Pitching for Bakersfield Nobles : RHP Jeff Sloan
Pitching: RHP Jeff Sloan
Batting: RHB Billy Strauss 0-0: Called Strike
0-1: Ball
1-1: SINGLE (Line Drive, 89M)
Batting: RHB Lorenzo Sabastro 0-0: Called Strike
Billy Strauss steals 2nd base
0-1: Swinging Strike
0-2: Ball
1-2: SINGLE (Groundball, 6M)
Billy Strauss to third
Batting: RHB Sang-yeon Kim 0-0: Ball
Lorenzo Sabastro is caught stealing 2nd base
1-0: Fly out, F9 (Flyball, 9S)
Batting: LHB Adrián Rodríguez 0-0: Ball
1-0: Ground out 3-1 (Groundball, 34)
Top of the 1st over - 0 run(s), 2 hit(s), 0 error(s), 1 left on base; Oceanside 0 - Bakersfield 0
BOTTOM OF THE 1ST
Bakersfield Nobles batting - Pitching for Oceanside Aviators : LHP Addie Samson
Pitching: LHP Addie Samson
Batting: RHB Bill Sackett 0-0: Ball
1-0: DOUBLE (Line Drive, 7LM)
Batting: SHB Jon Jenkins 0-0: SINGLE (Groundball, 34D)
Bill Sackett to third
Batting: SHB José Salazar 0-0: Called Strike
0-1: Ball
1-1: Foul Ball, location: 2F
1-2: Foul Ball, location: 2F
1-2: Foul Ball, location: 2F
1-2: Ball
2-2: Foul Ball, location: 2F
2-2: Fly out, F8 (Flyball, 78M)
2-2: Fly out, F8 (Flyball, 78M)
Batting: LHB Roberto Rodríguez 0-0: Ball
1-0: Ball
2-0: SINGLE (Groundball, 34)
Bill Sackett scores
Jon Jenkins to second
Runner from 2nd tries for 3rd, SAFE, throw made to third
Batting: RHB Floyd Mitchell 0-0: Ball
1-0: Ball
2-0: Called Strike
2-1: Foul Ball, location: 2F
2-2: Foul Ball, location: 2F
2-2: Foul Ball, location: 2F
2-2: Ball
3-2: Grounds into double play, 1-4-3 (Groundball, 13)
Bottom of the 1st over - 1 run(s), 3 hit(s), 0 error(s), 1 left on base; Oceanside 0 - Bakersfield 1
TOP OF THE 2ND
Oceanside Aviators batting - Pitching for Bakersfield Nobles : RHP Jeff Sloan
Batting: RHB Randy García 0-0: Called Strike
0-1: Ball
1-1: Foul Ball, location: 2F
1-2: Ball
2-2: Foul Ball, location: 2F
2-2: Fly out, F9 (Flyball, 9M)
Batting: SHB Robbie Anderson 0-0: Foul Ball, location: 2F
0-1: Ball
1-1: Ball
2-1: SINGLE (Groundball, 6MD)
Batting: RHB Jorge Gonzáles 0-0: Ball
1-0: Foul Ball, location: 2F
1-1: Ball
2-1: Foul Ball, location: 2F
2-2: Fly out, F8 (Flyball, 78M)
Batting: LHB Guy Riley 0-0: Fly out, F8 (Flyball, 8RXD)
Top of the 2nd over - 0 run(s), 1 hit(s), 0 error(s), 1 left on base; Oceanside 0 - Bakersfield 1
BOTTOM OF THE 2ND
Bakersfield Nobles batting - Pitching for Oceanside Aviators : LHP Addie Samson
Batting: RHB Tamasaburo Kato 0-0: Ball
1-0: Ball
2-0: Called Strike
2-1: Called Strike
2-2: SINGLE (Line Drive, 6MD)
Batting: RHB Lloyd Alberink 0-0: Swinging Strike
0-1: Fielders Choice at 2nd, 6-4 (Groundball, 6)
Batting: LHB Luis Velázquez 0-0: Ball
1-0: Ball
2-0: Called Strike
2-1: Foul Ball, location: 2F
2-2: Strikes out swinging
Batting: LHB Juan González 0-0: Swinging Strike
0-1: Ground out 4-3 (Groundball, 4)
Bottom of the 2nd over - 0 run(s), 1 hit(s), 0 error(s), 1 left on base; Oceanside 0 - Bakersfield 1
TOP OF THE 3RD
Oceanside Aviators batting - Pitching for Bakersfield Nobles : RHP Jeff Sloan
Batting: RHB Manny Hernández 0-0: Ball
1-0: Ball
2-0: Bunt for hit - play at first, batter OUT! 5-3
Batting: RHB Billy Strauss 0-0: SINGLE (Groundball, 5L)
Batting: RHB Lorenzo Sabastro 0-0: Called Strike
Billy Strauss steals 2nd base
0-1: Foul Ball, location: 2F
0-2: Ball
1-2: Ground out 6-3 (Groundball, 6M)
Billy Strauss to third
Batting: RHB Sang-yeon Kim 0-0: Ball
1-0: Ball
2-0: Called Strike
2-1: SINGLE (Line Drive, 6MD)
Billy Strauss scores
Batting: LHB Adrián Rodríguez 0-0: Called Strike
0-1: Swinging Strike
0-2: Ball
1-2: Strikes out swinging
Top of the 3rd over - 1 run(s), 2 hit(s), 0 error(s), 1 left on base; Oceanside 1 - Bakersfield 1
BOTTOM OF THE 3RD
Bakersfield Nobles batting - Pitching for Oceanside Aviators : LHP Addie Samson
Batting: RHB Bill Sackett 0-0: Foul Ball, location: 2F
0-1: Fly out, F7 (Line Drive, 7M)
Batting: SHB Jon Jenkins 0-0: Called Strike
0-1: Ball
1-1: Foul Ball, location: 2F
1-2: Ball
2-2: Ball
3-2: Foul Ball, location: 2F
3-2: Foul Ball, location: 2F
3-2: Strikes out swinging
Batting: SHB José Salazar 0-0: Ball
1-0: Ball
2-0: Ball
3-0: Called Strike
3-1: Base on Balls
Batting: LHB Roberto Rodríguez 0-0: Ball
1-0: Foul Ball, location: 2F
1-1: Ball
2-1: Ground out U3 (Groundball, 3L)
Bottom of the 3rd over - 0 run(s), 0 hit(s), 0 error(s), 1 left on base; Oceanside 1 - Bakersfield 1
TOP OF THE 4TH
Oceanside Aviators batting - Pitching for Bakersfield Nobles : RHP Jeff Sloan
Batting: RHB Randy García 0-0: Fly out, F8 (Flyball, 89M)
Batting: SHB Robbie Anderson 0-0: Ball
1-0: Fly out, F8 (Flyball, 8LS)
Batting: RHB Jorge Gonzáles 0-0: Ground out 6-3 (Groundball, 6S)
Top of the 4th over - 0 run(s), 0 hit(s), 0 error(s), 0 left on base; Oceanside 1 - Bakersfield 1
BOTTOM OF THE 4TH
Bakersfield Nobles batting - Pitching for Oceanside Aviators : LHP Addie Samson
Batting: RHB Floyd Mitchell 0-0: Called Strike
0-1: Ball
1-1: Swinging Strike
1-2: Ball
2-2: Ball
3-2: Strikes out swinging
Batting: RHB Tamasaburo Kato 0-0: Called Strike
0-1: SINGLE (Groundball, 4M)
Batting: RHB Lloyd Alberink 0-0: Ball
1-0: Called Strike
1-1: Called Strike
1-2: Grounds into double play, U4-3 (Groundball, 4M)
Bottom of the 4th over - 0 run(s), 1 hit(s), 0 error(s), 0 left on base; Oceanside 1 - Bakersfield 1
TOP OF THE 5TH
Oceanside Aviators batting - Pitching for Bakersfield Nobles : RHP Jeff Sloan
Batting: LHB Guy Riley 0-0: Foul Ball, location: 2F
0-1: Ball
1-1: Ball
2-1: Called Strike
2-2: Ball
3-2: Ground out 6-3 (Groundball, 6)
Batting: RHB Manny Hernández 0-0: Ball
1-0: Ball
2-0: Foul Ball, location: 2F
2-1: Ball
3-1: Foul Ball, location: 2F
3-2: Fly out, F3 (Popup, 34)
Batting: RHB Billy Strauss 0-0: Ball
1-0: Ball
2-0: Foul Ball, location: 2F
2-1: Ball
3-1: Foul Ball, location: 2F
3-2: Strikes out looking
Top of the 5th over - 0 run(s), 0 hit(s), 0 error(s), 0 left on base; Oceanside 1 - Bakersfield 1
BOTTOM OF THE 5TH
Bakersfield Nobles batting - Pitching for Oceanside Aviators : LHP Addie Samson
Batting: LHB Luis Velázquez 0-0: Ground out 4-3 (Groundball, 4)
Batting: LHB Juan González 0-0: Ball
1-0: Foul Ball, location: 2F
1-1: Foul Ball, location: 2F
1-2: Ball
2-2: SOLO HOME RUN (Line Drive, 89D), Distance : 395 ft
Batting: RHB Bill Sackett 0-0: Called Strike
0-1: Ball
1-1: Called Strike
1-2: Strikes out looking
Batting: SHB Jon Jenkins 0-0: Foul Ball, location: 2F
0-1: Ball
1-1: Ball
2-1: Foul Ball, location: 2F
2-2: Foul Ball, location: 2F
2-2: Foul Ball, location: 2F
2-2: Ground out 6-3 (Groundball, 6M)
Bottom of the 5th over - 1 run(s), 1 hit(s), 0 error(s), 0 left on base; Oceanside 1 - Bakersfield 2
TOP OF THE 6TH
Oceanside Aviators batting - Pitching for Bakersfield Nobles : RHP Jeff Sloan
Batting: RHB Lorenzo Sabastro 0-0: Called Strike
0-1: Swinging Strike
0-2: Foul Ball, location: 2F
0-2: Strikes out looking
Batting: RHB Sang-yeon Kim 0-0: Foul Ball, location: 2F
0-1: Called Strike
0-2: Ball
1-2: Fly out, F9 (Flyball, 89D)
Batting: LHB Adrián Rodríguez 0-0: SINGLE (Groundball, 6S)
Batting: RHB Randy García 0-0: Fly out, F6 (Popup, 6)
Top of the 6th over - 0 run(s), 1 hit(s), 0 error(s), 1 left on base; Oceanside 1 - Bakersfield 2
BOTTOM OF THE 6TH
Bakersfield Nobles batting - Pitching for Oceanside Aviators : LHP Addie Samson
Batting: SHB José Salazar 0-0: Called Strike
0-1: Called Strike
0-2: Ball
1-2: Ball
2-2: Foul Ball, location: 2F
2-2: Ball
3-2: Foul Ball, location: 2F
3-2: Base on Balls
Pitching: LHP Hwen-thiang Qin
Batting: LHB Roberto Rodríguez 0-0: Called Strike
0-1: Ball
1-1: Fly out, F5 (Popup, 5F)
Batting: RHB Floyd Mitchell 0-0: Called Strike
José Salazar steals 2nd base
0-1: Called Strike
0-2: Ball
1-2: Ground out 6-3 (Groundball, 6)
José Salazar to third
Batting: RHB Tamasaburo Kato 0-0: Ball
1-0: Ball
2-0: Ball
3-0: Base on Balls
Batting: RHB Lloyd Alberink 0-0: Ball
1-0: Fielders Choice at 2nd, 6-4 (Groundball, 6)
Bottom of the 6th over - 0 run(s), 0 hit(s), 0 error(s), 1 left on base; Oceanside 1 - Bakersfield 2
TOP OF THE 7TH
Oceanside Aviators batting - Pitching for Bakersfield Nobles : RHP Jeff Sloan
Batting: SHB Robbie Anderson 0-0: Called Strike
0-1: Ground out U3 (Groundball, 3)
Batting: RHB Jorge Gonzáles 0-0: Ball
1-0: Ground out 1-3 (Groundball, 15S)
Batting: LHB Guy Riley 0-0: Swinging Strike
0-1: Called Strike
0-2: Foul Ball, location: 2F
0-2: Ball
1-2: Ball
2-2: Foul Ball, location: 2F
2-2: SOLO HOME RUN (Flyball, 89XD), Distance : 417 ft
Pinch Hitting: LHB Lee Williams 0-0: Swinging Strike
0-1: Ball
1-1: Ground out U3 (Groundball, 3L)
Top of the 7th over - 1 run(s), 1 hit(s), 0 error(s), 0 left on base; Oceanside 2 - Bakersfield 2
BOTTOM OF THE 7TH
Bakersfield Nobles batting - Pitching for Oceanside Aviators : LHP Hwen-thiang Qin
Now at SS: Henry Potts
Pinch Hitting: RHB Dong-po Tien 0-0: Foul Ball, location: 2F
0-1: Ball
1-1: Ball
2-1: Fly out, F8 (Flyball, 89M)
Batting: LHB Juan González 0-0: Ground out 1-3 (Groundball, 15S)
Batting: RHB Bill Sackett 0-0: Swinging Strike
0-1: Ball
1-1: Called Strike
1-2: Strikes out swinging
Bottom of the 7th over - 0 run(s), 0 hit(s), 0 error(s), 0 left on base; Oceanside 2 - Bakersfield 2
TOP OF THE 8TH
Oceanside Aviators batting - Pitching for Bakersfield Nobles : RHP Jeff Sloan
Now at 1B: Matt Terry
Pinch Hitting: RHB Júlio Morín 0-0: Swinging Strike
0-1: Ball
1-1: Ball
2-1: Foul Ball, location: 2F
2-2: Fly out, F7 (Flyball, 7M)
Pinch Hitting: RHB Pancho Montoya 0-0: Called Strike
0-1: Called Strike
0-2: Foul Ball, location: 2F
0-2: Ball
1-2: Strikes out swinging
Batting: RHB Sang-yeon Kim 0-0: Called Strike
0-1: Ball
1-1: Ball
2-1: Ball
3-1: Foul Ball, location: 2F
3-2: Fly out, F9 (Flyball, 89S)
Top of the 8th over - 0 run(s), 0 hit(s), 0 error(s), 0 left on base; Oceanside 2 - Bakersfield 2
BOTTOM OF THE 8TH
Bakersfield Nobles batting - Pitching for Oceanside Aviators : LHP Hwen-thiang Qin
Now at 3B: Jim Unknown
Now in CF: Pancho Montoya
Pinch Hitting: RHB Bobby Christopher 0-0: Ball
1-0: Swinging Strike
1-1: Ball
2-1: Called Strike
2-2: Strikes out looking
Batting: SHB José Salazar 0-0: Ball
1-0: Foul Ball, location: 2F
1-1: Ball
2-1: Foul Ball, location: 2F
2-2: Strikes out swinging
Pinch Hitting: SHB Andrew Baker 0-0: Called Strike
0-1: Foul Ball, location: 2F
0-2: Ground out 6-3 (Groundball, 6)
Bottom of the 8th over - 0 run(s), 0 hit(s), 0 error(s), 0 left on base; Oceanside 2 - Bakersfield 2
TOP OF THE 9TH
Oceanside Aviators batting - Pitching for Bakersfield Nobles : RHP Jeff Sloan
Pitching: LHP Royce Bradshaw
Now at 1B: Bobby Christopher
Now in CF: Mike Russell
Batting: LHB Adrián Rodríguez 0-0: Ground out 4-3 (Groundball, 4)
Batting: RHB Randy García 0-0: Ball
1-0: Ball
2-0: Ball
3-0: Called Strike
3-1: Foul Ball, location: 2F
3-2: Base on Balls
Batting: SHB Robbie Anderson 0-0: Ball
1-0: Foul Ball, location: 2F
1-1: Called Strike
1-2: Strikes out looking
Batting: RHB Jorge Gonzáles 0-0: Swinging Strike
0-1: Called Strike
0-2: Ball
1-2: Foul Ball, location: 2F
1-2: Fly out, F9 (Flyball, 89XD)
Top of the 9th over - 0 run(s), 0 hit(s), 0 error(s), 1 left on base; Oceanside 2 - Bakersfield 2
BOTTOM OF THE 9TH
Bakersfield Nobles batting - Pitching for Oceanside Aviators : LHP Hwen-thiang Qin
Pitching: LHP José Ortíz
Batting: RHB Floyd Mitchell 0-0: Ball
1-0: Ball
2-0: Called Strike
2-1: Ball
3-1: Called Strike
3-2: SINGLE (Groundball, 56)
Batting: RHB Tamasaburo Kato 0-0: Called Strike
0-1: Ball
1-1: Ball
2-1: Foul Ball, location: 2F
2-2: DOUBLE (Flyball, 7LM)
Floyd Mitchell to third
Batting: RHB Lloyd Alberink 0-0: Ball
1-0: Foul Ball, location: 2F
1-1: Called Strike
1-2: Ball
2-2: Ball
3-2: Base on Balls
Batting: RHB Matt Terry 0-0: Ball
1-0: Ball
2-0: Grounds into fielders choice 4-2 (Groundball, 4M)
Tamasaburo Kato to third
Lloyd Alberink to second
Batting: LHB Juan González 0-0: Ball
1-0: Foul Ball, location: 2F
1-1: Foul Ball, location: 2F
1-2: Ball
2-2: Ball
3-2: Base on Balls
Tamasaburo Kato scores
Lloyd Alberink to third
Matt Terry to second
This league is powered by Out of the Park Baseball, the baseball management simulation game for PC, Mac and Linux
Friday, January 22nd, 2016 - OOTP Baseball 16.9 Build 39